 Dungeon Crawl Stone Soup version 0.23.2-1-ga50397a (webtiles) character file.

Game seed: 14195271499445447275

403 schauveau the Slinger (level 7, -3/46 HPs)
             Began as a Halfling Hunter on May 4, 2019.
             Slain by a sky beast (6 damage)
             ... on level 5 of the Dungeon.
             The game lasted 00:06:41 (2959 turns).

schauveau the Slinger (Halfling Hunter)             Turns: 2959, Time: 00:06:41

Health: -3/46      AC:  4    Str: 13    XL:     7   Next: 11%
Magic:  7/7        EV: 16    Int:  9    God:
Gold:   130        SH:  0    Dex: 17    Spells: 6/6 levels left

rFire    . . .     SeeInvis .   a - +1 hunting sling
rCold    . . .     Gourm    .   (shield restricted)
rNeg     . . .     Faith    .   c - +0 leather armour
rPois    .         Spirit   .   (no helmet)
rElec    .         Reflect  .   (no cloak)
rCorr    .         Harm     .   (no gloves)
MR       .....                  k - +0 pair of boots
Stlth    ++........             (no amulet)
HPRegen  0.15/turn              (no ring)
MPRegen  0.10/turn              (no ring)

@: no status effects
A: small, mutation resistance 1
a: no special abilities


You were on level 5 of the Dungeon.
You were not hungry.

You visited 1 branch of the dungeon, and saw 6 of its levels.

You collected 130 gold pieces.

Inventory:

Hand Weapons
 a - a +1 hunting sling (weapon)
 b - a +0 short sword
Missiles
 d - 4 sling bullets (quivered)
 h - 109 stones
 j - 28 poisoned needles
Armour
 c - a +0 leather armour (worn)
 k - a +0 pair of boots (worn)
Scrolls
 e - 4 scrolls of remove curse {unknown}
 g - a scroll of noise {unknown}
 i - 5 scrolls of identify {unknown}
 m - a scroll of immolation {unknown}
 n - 2 scrolls of fog {unknown}
 p - a scroll of enchant weapon {unknown}
 r - a scroll of blinking {unknown}
 s - a scroll of amnesia {unknown}
Potions
 l - a potion of cancellation
 o - a potion of curing {unknown}
 q - a potion of degeneration {unknown}
Comestibles
 f - a ration


   Skills:
 + Level 3.2 Fighting
 * Level 8.5 Slings
 + Level 3.9 Dodging
 + Level 3.6 Stealth


You had 6 spell levels left.
You didn't know any spells.
Your spell library was empty.

Dungeon Overview and Level Annotations

Branches:
Dungeon (6/15)
 Temple: D:4-7

Altars:
Ashenzari
Elyvilon
Kikubaaqudgha
Trog
Vehumet
Zin

Shops:
D:4 (

Annotations:
D:3 Sigmund


Innate Abilities, Weirdness & Mutations

You are small and have problems with some larger weapons.
You are somewhat resistant to further mutation.


Message History

Aim: a sky beast (rain, heavily wounded)
You shoot a sling bullet. The sling bullet hits the sky beast.
The sky beast is heavily wounded.
You are too injured to fight recklessly!
Unknown command.
Firing (i - inventory. (/) - cycle)
d - 5 sling bullets (quivered)
Press: ? - help, Shift-Dir - straight line, f/p - sky beast
Aim: a sky beast (rain, heavily wounded)
You shoot a sling bullet.
The sling bullet hits the sky beast but does no damage.
The sky beast is heavily wounded.
The sky beast hits you.
* * * LOW HITPOINT WARNING * * *
The sky beast shocks you.
* * * LOW HITPOINT WARNING * * *
It was a potion of cancellation.
You feel magically purged. The sky beast hits you.
* * * LOW HITPOINT WARNING * * *
The sky beast shocks you.
You die...

#.......♣♣ #........♣ +......._♣
#((...... #.......♣ #.......♣#
#...Y....# ####@..## #..#....+
#..'....# #..#....# #..##+#[...
#....# #.....+....# #....+
#..##.....# ...# #....#
#..#......#....#####....#
.......#..+......#....#...#^...#


You could see a sky beast.

Vanquished Creatures
  A phantom (D:4)
  An ogre (D:4)
  4 orc wizards
  3 worker ants (D:4)
  2 adders
  A worm (D:2)
  2 leopard geckos (D:2)
  6 orcs (D:4)
  4 giant cockroaches
  7 hobgoblins
  4 jackals
  A quokka (D:4)
  A ball python (D:4)
  2 bats
  3 frilled lizards
  4 goblins
  5 kobolds
  A quokka skeleton (D:4)
  4 rats
56 creatures vanquished.

Vanquished Creatures (others)
  An orc priest (D:4)
  An adder (D:4)
  4 orcs (D:4)
6 creatures vanquished.

Grand Total: 62 creatures vanquished

Notes
Turn   | Place    | Note
-------+----------+-------------------------------------------
     0 | D:1      | schauveau the Halfling Hunter began the quest for the Orb.
     0 | D:1      | Reached XP level 1. HP: 14/14 MP: 1/1
    85 | D:1      | Reached skill level 6 in Slings
   437 | D:1      | Reached XP level 2. HP: 19/19 MP: 2/2
   668 | D:2      | Found a radiant altar of Vehumet.
   965 | D:1      | Reached XP level 3. HP: 24/24 MP: 3/3
  1213 | D:3      | Noticed Sigmund
  1387 | D:2      | Found a bloodstained altar of Trog.
  1390 | D:2      | Found a white marble altar of Elyvilon.
  1390 | D:2      | Found a shattered altar of Ashenzari.
  1394 | D:2      | Found an ancient bone altar of Kikubaaqudgha.
  1505 | D:3      | Reached XP level 4. HP: 22/29 MP: 4/4
  1642 | D:4      | Reached skill level 7 in Slings
  1755 | D:4      | Found Oxuapn's Antique Weapon Shop.
  1863 | D:4      | Reached XP level 5. HP: 30/35 MP: 5/5
  2129 | D:3      | Reached XP level 6. HP: 6/41 MP: 6/6
  2507 | D:4      | Noticed a phantom
  2515 | D:4      | Killed a phantom
  2515 | D:4      | Reached skill level 8 in Slings
  2532 | D:4      | Noticed an ogre
  2546 | D:4      | Killed an ogre
  2546 | D:4      | Reached XP level 7. HP: 43/46 MP: 7/7
  2758 | D:5      | Entered Level 5 of the Dungeon
  2939 | D:5      | Found a glowing silver altar of Zin.
  2959 | D:5      | Slain by a sky beast

Skill      XL: |  1  2  3  4  5  6 |
---------------+-------------------+-----
Slings         | 6 7 8 |  8.5
Fighting       | 2 3 |  3.2
Stealth        | 2 3 |  3.6
Dodging        | 3 |  3.9

Action                   |  1- 3 |  4- 6 |  7- 9 || total
-------------------------+-------+-------+-------++-------
Melee: Short sword       |   128 |    17 |     9 ||   154
       Hunting sling     |       |     2 |       ||     2
 Fire: Hunting sling     |    28 |    87 |    22 ||   137
  Use: Potion            |       |     1 |     1 ||     2
 Stab: Sleeping          |     2 |       |       ||     2
  Eat: Chunk             |     2 |     2 |       ||     4
       Ration            |       |     1 |       ||     1
Armor: Leather armour    |    37 |    11 |     3 ||    51
       Skin              |       |     3 |       ||     3
Dodge: Dodged            |   125 |    34 |     8 ||   167
